 Dungeon Crawl Stone Soup version 0.22-b1-26-g9dbaab1 (webtiles) character file.

783 MTVSty1e the Cleaver (level 7, -3/41 HPs)
             Began as a Gargoyle Fighter on Aug 7, 2018.
             Slain by an ogre
             ... wielding a +0 giant spiked club
              (4 damage)
             ... on level 5 of the Dungeon.
             The game lasted 00:05:45 (4032 turns).

MTVSty1e the Cleaver (Gargoyle Fighter)             Turns: 4032, Time: 00:05:45

Health: -3/41      AC: 16    Str: 27    XL:     7   Next: 86%
Magic:  7/7        EV:  6    Int:  8    God:
Gold:   259        SH:  9    Dex:  9    Spells: 6/6 levels left

rFire    . . .     SeeInvis .   p - +1 hand axe (chop)
rCold    . . .     Gourm    .   c - +0 shield
rNeg     + . .     Faith    .   w - +1 chain mail
rPois    ∞         Spirit   .   (no helmet)
rElec    +         Reflect  .   (no cloak)
rCorr    .         Harm     .   m - +0 pair of gloves
MR       .....                  (no boots)
Stlth    ..........             (no amulet)
HPRegen  0.13/turn              (no ring)
MPRegen  0.10/turn              (no ring)

@: mighty
A: negative energy resistance 1, electricity resistance, unbreathing,
petrification resistance, rot immunity, AC +4
a: no special abilities


You were on level 5 of the Dungeon.
You were not hungry.

You visited 1 branch of the dungeon, and saw 5 of its levels.

You collected 259 gold pieces.

Inventory:

Hand Weapons
 a - a +1 war axe
 p - a +1 hand axe of chopping (weapon)
Armour
 b - a +0 scale mail
 c - a +0 shield (worn)
 m - a +0 pair of gloves (worn)
 w - a +1 chain mail (worn)
Jewellery
 u - an uncursed amulet of guardian spirit
 v - an uncursed amulet of rage
Scrolls
 e - 8 scrolls of identify
 g - 2 scrolls of enchant weapon
 j - 3 scrolls of teleportation
 k - 4 scrolls of remove curse
 l - 3 scrolls of noise
 x - a scroll of amnesia
 y - a scroll of fear {unknown}
Potions
 d - a potion of might
 h - 3 potions of lignification {unknown}
 i - a potion of magic {unknown}
 n - 2 potions of cancellation {unknown}
 o - 2 potions of flight {unknown}
 q - 2 potions of heal wounds {unknown}
 r - 2 potions of brilliance {unknown}
 s - a potion of berserk rage {unknown}
 t - a potion of agility {unknown}
 z - a potion of curing {unknown}
Comestibles
 f - 8 rations


   Skills:
 - Level 3.2 Fighting
 * Level 8.0 Axes
 - Level 3.2 Armour
 + Level 0.3 Stealth
 - Level 3.2 Shields


You had 6 spell levels left.
You didn't know any spells.
Your spell library was empty.

Dungeon Overview and Level Annotations

Branches:
Dungeon (5/15)
 Temple: D:4-7

Altars:
Cheibriados
Elyvilon
Fedhas
Gozag
Hepliaklqana
Kikubaaqudgha
Makhleb
Nemelex Xobeh
Qazlal
Uskayaw
Vehumet
The Shining One

Annotations:
D:3 3 runed doors, abbott299's ghost, amateur DrFE


Innate Abilities, Weirdness & Mutations

You are resistant to torment.
Your stone body is resilient. (AC +4)
You are immune to poison.
You resist negative energy. (rN+)
You are resistant to electric shocks. (rElec)
You can survive without breathing.
You are immune to petrification.
You are immune to rotting.


Message History

You are too injured to fight recklessly!
You are too injured to fight recklessly!
You are too injured to fight recklessly!
You are too injured to fight recklessly!
You are too injured to fight recklessly!
You are too injured to fight recklessly!
You are too injured to fight recklessly!
You are too injured to fight recklessly!
You are too injured to fight recklessly!
You are too injured to fight recklessly!
You are too injured to fight recklessly!
You feel very mighty all of a sudden.
You slash the ogre!
The ogre is almost dead.
The ogre hits you with a giant spiked club!
* * * LOW HITPOINT WARNING * * *
You closely miss the ogre.
The ogre is almost dead.
The ogre hits you with a giant spiked club.
You die...

.....# ###.......
.....## ###............
## ......#
#.............. #.
......## #..............
##
.......###....<.........
#
#####..##...............
# ##..#............... #
##.##......%....... #
#..#......@O...... ## #
##..#†............ #. #
##.##............ #. ##
##.##........... ##. .#
..##.......... #.. .#
#..#.........# ##.# ..#
#.##.....#### #..# ..#
#..####### #.## ..# #..
##.#


You could see an ogre.

Vanquished Creatures
  A sky beast (D:5)
  An ogre (D:5)
  2 crimson imps (D:5)
  A jelly (D:4)
  A hound (D:4)
  2 orc priests (D:4)
  A bullfrog skeleton (D:4)
  4 orc wizards (D:4)
  Jessica (D:2)
  7 gnolls
  4 adders
  A shadow imp (D:5)
  An ooze (D:1)
  A worm (D:5)
  3 dart slugs
  6 leopard geckos
  20 orcs
  3 giant cockroaches
  7 goblins
  13 hobgoblins
  5 jackals
  11 kobolds
  2 quokkas
  2 ball pythons (D:4)
  6 bats
  7 frilled lizards
  9 rats
122 creatures vanquished.

Notes
Turn   | Place    | Note
-------+----------+-------------------------------------------
     0 | D:1      | MTVSty1e the Gargoyle Fighter began the quest for the Orb.
     0 | D:1      | Reached XP level 1. HP: 14/14 MP: 1/1
    37 | D:1      | Reached skill level 2 in Axes
    74 | D:1      | Reached XP level 2. HP: 19/19 MP: 2/2
   200 | D:1      | Reached skill level 3 in Axes
   220 | D:1      | Reached XP level 3. HP: 21/23 MP: 3/3
   898 | D:2      | Found a faded altar of an unknown god.
   971 | D:2      | Found a glowing golden altar of the Shining One.
  1152 | D:2      | Found a snail-covered altar of Cheibriados.
  1170 | D:2      | Reached XP level 4. HP: 28/28 MP: 4/4
  1303 | D:2      | Reached skill level 4 in Axes
  1403 | D:2      | Found a sparkling altar of Nemelex Xobeh.
  1632 | D:2      | Noticed Jessica
  1636 | D:2      | Killed Jessica
  1636 | D:2      | Reached XP level 5. HP: 32/32 MP: 5/5
  2008 | D:3      | Reached skill level 5 in Axes
  2219 | D:3      | Found an opulent altar of Gozag.
  2294 | D:3      | Found a runed gate.
  2294 | D:3      | Found a runed gate.
  2379 | D:3      | Found a runed gate.
  2379 | D:3      | Noticed a centaur
  2384 | D:3      | Found an opulent altar of Gozag.
  2384 | D:3      | Noticed abbott299's ghost (amateur DrFE)
  2417 | D:4      | Found a white marble altar of Elyvilon.
  2438 | D:4      | Reached XP level 6. HP: 24/37 MP: 6/6
  2664 | D:4      | Found a radiant altar of Vehumet.
  2672 | D:4      | Reached skill level 6 in Axes
  2683 | D:4      | Found a hide-covered altar of Uskayaw.
  2952 | D:4      | Reached XP level 7. HP: 22/41 MP: 7/7
  3170 | D:4      | Reached skill level 7 in Axes
  3364 | D:5      | Entered Level 5 of the Dungeon
  3395 | D:5      | Found a hazy altar of Hepliaklqana.
  3613 | D:5      | Found an ancient bone altar of Kikubaaqudgha.
  3863 | D:5      | Found a stormy altar of Qazlal.
  3863 | D:5      | Found a blossoming altar of Fedhas.
  3905 | D:5      | Found a burning altar of Makhleb.
  3905 | D:5      | Noticed a cacodemon
  3909 | D:5      | Noticed a ynoxinul
  3909 | D:5      | Noticed a smoke demon
  4019 | D:5      | Reached skill level 8 in Axes
  4031 | D:5      | HP: 1/41 [ogre/giant spiked club (8)]
  4032 | D:5      | Slain by an ogre

Skill      XL: |  1  2  3  4  5  6  7 |
---------------+----------------------+-----
Axes           | 2 3 4 5 6 8 |  8.0
Fighting       | |  3.2
Armour         | |  3.2
Stealth        | |  0.3
Shields        | |  3.2

Action                   |  1- 3 |  4- 6 |  7- 9 || total
-------------------------+-------+-------+-------++-------
Melee: War axe           |   137 |   163 |       ||   300
       Hand axe          |       |    40 |   100 ||   140
  Use: Scroll            |       |    10 |       ||    10
       Potion            |       |       |     1 ||     1
  Eat: Ration            |     1 |     1 |     1 ||     3
       Chunk             |       |       |     1 ||     1
Armor: Scale mail        |    78 |    82 |       ||   160
       Chain mail        |       |    55 |    53 ||   108
Dodge: Dodged            |    42 |    52 |     8 ||   102
Block: Shield            |    72 |   114 |    28 ||   214
